 Dungeon Crawl Stone Soup version 0.29.1-15-g9cfb28693d (webtiles) character file.

Game seed: 4741780884105565747

471 Gumption the Chopper (level 6, 0/56 HPs)
             Began as a Minotaur Berserker on Feb 24, 2023.
             Was a Believer of Trog.
             Succumbed to a water moccasin's poison
             ... on level 5 of the Dungeon.
             The game lasted 00:24:18 (3501 turns).

Gumption the Chopper (Minotaur Berserker)           Turns: 3501, Time: 00:24:19

Health: 0/56       AC: 15    Str: 24    XL:     6   Next: 83%
Magic:  5/5        EV:  7    Int:  4    God:    Trog [**....]
Gold:   152        SH:  0    Dex:  9    Spells: 5/5 levels left

rFire   . . .      SeeInvis +   a - +7 flail (holy)
rCold   + . .      Faith    .   (no shield)
rNeg    . . .      Spirit   .   y - +0 plate armour
rPois   .          Reflect  .   (helmet restricted)
rElec   .          Harm     .   (no cloak)
rCorr   .          Rampage  .   A - +0 pair of gloves
Will    .....                   x - +1 pair of boots {Stlth+}
Stlth   ..........              (no amulet)
HPRegen 0.18/turn               l - ring of protection from cold
MPRegen 0.09/turn               r - ring of see invisible

@: lethally poisoned (0 -> -4)
A: horns 2, retaliatory headbutt
a: Renounce Religion, Berserk, Trog's Hand


You were on level 5 of the Dungeon.
You worshipped Trog.
Trog was pleased with you.
You visited 1 branch of the dungeon, and saw 5 of its levels.

You collected 210 gold pieces.
You spent 58 gold pieces at shops.

Inventory:

Hand Weapons
 a - a +7 flail of holy wrath (weapon)
 b - a +2 spear of venom
 B - a +0 hand axe
Missiles
 h - 38 stones (quivered)
Armour
 d - a +0 ring mail
 x - a +1 pair of boots of stealth (worn)
 y - a +0 plate armour (worn)
 A - a +0 pair of gloves (worn)
Jewellery
 l - a ring of protection from cold (left hand)
 r - a ring of see invisible (right hand)
Wands
 z - a wand of roots (7)
Scrolls
 c - a scroll of blinking {unknown}
 i - 4 scrolls of teleportation {unknown}
 j - 3 scrolls of poison {unknown}
 k - 8 scrolls of identify {unknown}
 m - a scroll of fear {unknown}
 n - 3 scrolls of summoning {unknown}
 p - 3 scrolls of enchant armour {unknown}
 s - a scroll of noise {unknown}
 u - a scroll of vulnerability {unknown}
 v - a scroll of immolation {unknown}
 C - a scroll of butterflies {unknown}
 D - a scroll of torment {unknown}
 E - a scroll of magic mapping {unknown}
Potions
 e - 2 potions of haste {unknown}
 f - a potion of lignification {unknown}
 g - 2 potions of curing {unknown}
 o - a potion of experience {unknown}
 q - a potion of attraction {unknown}
 t - 2 potions of degeneration {unknown}
 w - 4 potions of flight {unknown}


   Skills:
 + Level 5.6 Fighting
 - Level 6.7(6.8) Axes
 * Level 2.0(4.7) Maces & Flails
 + Level 4.8 Armour
 - Level 2.1 Dodging


You had 5 spell levels left.
You didn't know any spells.
Your spell library was empty.

Dungeon Overview and Level Annotations

Branches:
Dungeon (5/15)
 Temple: D:4-7

Altars:

Shops:
D:4 [


Innate Abilities, Weirdness & Mutations

You have a pair of horns on your head.
You reflexively headbutt those who attack you in melee.


Message History

You sock the water moccasin!
The water moccasin is heavily wounded.
The water moccasin bites you but does no damage.
You miss the water moccasin.
The water moccasin is heavily wounded.
The water moccasin barely misses you. The water moccasin closely misses you.
You furiously retaliate!
You headbutt the water moccasin. You closely miss the water moccasin.
The water moccasin is heavily wounded.
The water moccasin bites you.
You are poisoned.
The water moccasin poisons you! The water moccasin bites you.
You are more poisoned.
The water moccasin poisons you!
You completely miss the water moccasin.
The water moccasin is heavily wounded.
You feel extremely sick.
The water moccasin bites you but does no damage. x2
You barely miss the water moccasin.
The water moccasin is heavily wounded.
You feel very sick. The water moccasin barely misses you.
You barely miss the water moccasin.
The water moccasin is heavily wounded.
You feel very sick.
The water moccasin bites you but does no damage. x2
You bludgeon the water moccasin!!
You kill the water moccasin!
Trog accepts your kill.
You feel very sick.
Your base Maces & Flails skill gained 2 levels and is now at level 2!
You hit the ogre.
The ogre is moderately wounded.
You feel sick. The ogre hits you with a +0 giant club.
You sock the ogre! Your headbutt misses the ogre.
The ogre is heavily wounded.
You feel sick.
The ogre hits you with a +0 giant club!!
* * * LOW HITPOINT WARNING * * *
You die...

..# ....
...###+####
###........#
#$.........#### ##
............O.# #.
#O# #. #.# #. #@#
###+#####. #.#
#........# #.#
#........# #.#
#........# #.#
#......... ##'####
#........# #.....#
#......).#
#.....####........#
#.....+...........#


You could see an ogre.

Vanquished Creatures
  Edmund (D:4)
  A water moccasin (D:5)
  2 orc priests (D:3)
  Ijyb (D:3)
  3 orc wizards (D:3)
  An adder (D:4)
  A white imp (D:4)
  A worm (D:2)
  A dart slug (D:1)
  16 orcs
  3 ball pythons
  4 endoplasms
  2 giant cockroaches
  3 goblins
  3 hobgoblins
  7 jackals
  5 kobolds
  3 quokkas
  2 bats
  3 rats
63 creatures vanquished.

Vanquished Creatures (others)
  3 plants (D:1)
3 creatures vanquished.

Grand Total: 66 creatures vanquished

Notes
Turn   | Place    | Note
-------+----------+-------------------------------------------
     0 | D:1      | Gumption the Minotaur Berserker began the quest for the
                  | Orb.
     0 | D:1      | Reached XP level 1. HP: 19/19 MP: 0/0
   197 | D:1      | Reached skill level 4 in Axes
   197 | D:1      | Reached XP level 2. HP: 27/27 MP: 1/1
   638 | D:1      | Found a faded altar of an unknown god.
   964 | D:2      | Reached XP level 3. HP: 33/33 MP: 2/2
  1013 | D:2      | Reached ** piety under Trog
  1246 | D:3      | You fall into a shaft and drop 1 floor!
  1312 | D:4      | Found Cukhe's Armour Shoppe.
  1845 | D:3      | Reached skill level 5 in Axes
  1845 | D:3      | Reached XP level 4. HP: 17/41 MP: 3/3
  2081 | D:3      | Noticed Ijyb
  2104 | D:3      | Killed Ijyb
  2105 | D:3      | Reached XP level 5. HP: 43/47 MP: 4/4
  2530 | D:3      | Reached skill level 5 in Fighting
  2530 | D:3      | Reached skill level 6 in Axes
  2800 | D:4      | Bought a +0 pair of gloves for 58 gold pieces
  2926 | D:4      | Noticed Edmund
  2939 | D:4      | Killed Edmund
  2940 | D:4      | Reached XP level 6. HP: 56/56 MP: 5/5
  3287 | D:5      | Entered Level 5 of the Dungeon
  3490 | D:5      | Noticed a water moccasin
  3498 | D:5      | Killed a water moccasin
  3500 | D:5      | HP: 1/56 [ogre/+0 giant club (24)]
  3501 | D:5      | Succumbed to a water moccasin's poison

Illustrated notes

Levels and vault maps discovered:
D:1:      eino_arrival_druids_welcome, layout_loops_cross,
          shapermc_ecumenical_altar_hornbeckon, minmay_misc_feat_x
D:2:      layout_basic, minmay_door_square, minmay_misc_feat_cross
D:3:      layout_loops_corners, uniq_ijyb
D:4:      layout_basic, serial_shops, nicolae_inconvenience_store, uniq_edmund
D:5:      layout_basic, minmay_temple_entry_tees

Skill      XL: |  1  2  3  4  5  6 |
---------------+-------------------+-----
Axes           | 4 5 6 |  6.7
Fighting       | 4 5 |  5.6
Armour         | 3 4 |  4.8
Maces & Flails | 2 |  2.0
Dodging        | |  2.1

Action                   |  1- 3 |  4- 6 || total
-------------------------+-------+-------++-------
Melee: Hand axe          |    78 |    65 ||   143
       Headbutt          |    16 |     7 ||    23
       Spear             |     2 |       ||     2
       Punch             |       |     1 ||     1
       Flail             |       |    15 ||    15
Throw: Stone             |     4 |     7 ||    11
Invok: Berserk           |       |     2 ||     2
       Trog's Hand       |       |     2 ||     2
Armor: Ring mail         |    21 |       ||    21
       Plate armour      |     9 |    34 ||    43
Dodge: Dodged            |    47 |    19 ||    66
